 Dungeon Crawl Stone Soup version 0.29.1-2-gbd0b4ee654 (webtiles) character file.

Game seed: 11037966651367977658

490 MaxHasHax6295 the Chopper (level 6, -2/56 HPs)
             Began as a Minotaur Berserker on Nov 2, 2022.
             Was a Priest of Trog.
             Slain by whiskeysaurus's ghost (13 damage)
             ... on level 4 of the Dungeon.
             The game lasted 00:06:40 (5001 turns).

MaxHasHax6295 the Chopper (Minotaur Berserker)      Turns: 5001, Time: 00:06:42

Health: -2/56      AC: 12    Str: 30    XL:     6   Next: 90%
Magic:  5/5        EV:  8    Int:  4    God:    Trog [***...]
Gold:   243        SH:  0    Dex:  9    Spells: 5/5 levels left

rFire   . . .      SeeInvis .   a - +0 hand axe
rCold   . . .      Faith    .   (no shield)
rNeg    . . .      Spirit   .   f - +0 plate armour
rPois   .          Reflect  .   (helmet restricted)
rElec   .          Harm     .   (no cloak)
rCorr   .          Rampage  .   (no gloves)
Will    .....                   (no boots)
Stlth   ..........              (no amulet)
HPRegen 0.18/turn               l - +6 ring of strength
MPRegen 0.09/turn               (no ring)

@: on berserk cooldown, slowed, very slow
A: horns 2, retaliatory headbutt
a: Renounce Religion, Berserk, Trog's Hand


You were on level 4 of the Dungeon.
You worshipped Trog.
Trog was most pleased with you.
You visited 1 branch of the dungeon, and saw 4 of its levels.

You collected 243 gold pieces.

Inventory:

Hand Weapons
 a - a +0 hand axe (weapon)
Armour
 f - a +0 plate armour (worn)
Jewellery
 l - a +6 ring of strength (left hand)
Scrolls
 e - a scroll of summoning {unknown}
 h - a scroll of noise {unknown}
 i - a scroll of amnesia {unknown}
 j - 2 scrolls of identify {unknown}
 m - 2 scrolls of teleportation {unknown}
 p - a scroll of magic mapping {unknown}
Potions
 b - a potion of berserk rage {unknown}
 c - 3 potions of curing {unknown}
 d - 4 potions of flight {unknown}
 g - a potion of ambrosia {unknown}
 k - a potion of invisibility {unknown}
 n - a potion of haste {unknown}
 o - a potion of mutation {unknown}


   Skills:
 + Level 5.5 Fighting
 + Level 6.4 Axes
 + Level 5.1 Armour
 + Level 3.0 Dodging
 + Level 0.7 Stealth


You had 5 spell levels left.
You didn't know any spells.
Your spell library was empty.

Dungeon Overview and Level Annotations

Branches:
Dungeon (4/15)
 Temple: D:4-7

Altars:

Shops:
D:2 *

Annotations:
D:4 1 transporter, whiskeysaurus's ghost, amateur TrFi


Innate Abilities, Weirdness & Mutations

You have a pair of horns on your head.
You reflexively headbutt those who attack you in melee.


Message History

Partly explored, unvisited transporter.
The ogre shouts!
Whiskeysaurus's ghost turns its malevolent gaze towards you.
The ogre shouts!
Press: ? - help, v - describe, . - travel A translucent stone wall.
Unknown command.
Okay, then.
There is a transporter here.
You enter the transporter and appear at another place.
A red film seems to cover your vision as you go berserk!
You feel yourself moving faster!
You feel mighty!
You feel a strong urge to attack something.
The ogre hits you with a +0 giant club!
You hit the ogre. You headbutt the ogre.
The ogre is moderately wounded.
You slash the ogre!
The ogre hits you with the +7 giant club of Zarakeck {vorpal, Fly Int+3 Dex-3 SInv}!!
You are too injured to fight recklessly!
You are too injured to fight recklessly!
You are too injured to fight recklessly!
You are too injured to fight recklessly!
There is a transporter landing site here.
You can't go down here!
You can't go up here!
You feel a strong urge to attack something.
Whiskeysaurus's ghost sneers, "Only the weak need weapons."
You feel your anger nearly subside.
You are no longer berserk.
You are exhausted.
You feel yourself slow down. Whiskeysaurus's ghost hits you.
Whiskeysaurus's ghost barely misses you.
You slash the ogre! Your headbutt misses the ogre.
The ogre is heavily wounded.
You hit whiskeysaurus's ghost but do no damage.
The ogre hits you with a +0 giant club!
* * * LOW HITPOINT WARNING * * *
Whiskeysaurus's ghost hits you!
You die...

........########
#######.##.....#
#######....###.#
...........# #.#
##########.###.##### ....#
#.........#
###.##############.#
#.##.....©..OW.#<#
#.##.#..#.#..#@#.####
#.##..##...##.O#....#
#<.#..##...##..#.##.#
####.#..#.#..#.#.##.#
##....$$....©#.##.#
##############.##.##
#.....©.©......#...###
#................#...#
###########...######...#.#


You could see 2 ogres and whiskeysaurus's ghost.

Vanquished Creatures
  An ogre (D:4)
  A phantom (D:4)
  A necrophage (D:4)
  A scorpion (D:4)
  A howler monkey (D:3)
  Jessica (D:2)
  Robin (D:2)
  3 adders
  A worm (D:2)
  4 dart slugs
  5 ball pythons
  4 bats
  6 endoplasms
  A giant cockroach (D:1)
  12 hobgoblins
  13 jackals
  A quokka (D:1)
  7 frilled lizards
  15 goblins
  5 kobolds
  10 rats
94 creatures vanquished.

Notes
Turn   | Place    | Note
-------+----------+-------------------------------------------
     0 | D:1      | MaxHasHax6295 the Minotaur Berserker began the quest for
                  | the Orb.
     0 | D:1      | Reached XP level 1. HP: 19/19 MP: 0/0
   164 | D:1      | Reached skill level 4 in Axes
   165 | D:1      | Reached XP level 2. HP: 26/27 MP: 1/1
   434 | D:1      | Reached XP level 3. HP: 29/33 MP: 2/2
   538 | D:1      | Reached ** piety under Trog
   868 | D:2      | Noticed Robin
  2199 | D:2      | Killed Robin
  2200 | D:2      | Reached skill level 5 in Axes
  2200 | D:2      | Reached XP level 4. HP: 32/41 MP: 3/3
  2512 | D:2      | Noticed Jessica
  2517 | D:2      | Killed Jessica
  2629 | D:2      | You fall into a shaft and drop 2 floors!
  2871 | D:2      | Found Sufaef's Assorted Antiques.
  3171 | D:2      | Found a faded altar of an unknown god.
  3909 | D:3      | Reached XP level 5. HP: 37/47 MP: 4/4
  4259 | D:4      | Reached skill level 5 in Fighting
  4333 | D:4      | Noticed an ogre
  4336 | D:4      | Killed an ogre
  4337 | D:4      | Reached skill level 6 in Axes
  4337 | D:4      | Reached XP level 6. HP: 56/56 MP: 5/5
  4488 | D:4      | Reached skill level 5 in Armour
  4705 | D:4      | Found a transporter.
  4706 | D:4      | Found a transporter.
  4706 | D:4      | Noticed whiskeysaurus's ghost (amateur TrFi)
  4706 | D:4      | Identified the +7 giant club of Zarakeck {vorpal, Fly Int+3
                  | Dex-3 SInv}
  4726 | D:4      | Reached *** piety under Trog
  5001 | D:4      | Slain by whiskeysaurus's ghost

Illustrated notes

Levels and vault maps discovered:
D:1:      psy_arrival_statuary, layout_basic
D:2:      layout_rooms, chequers_ecumenical_altar_grove, serial_shops, shop,
          uniq_robin, uniq_jessica
D:3:      layout_loops_ring
D:4:      layout_loops_ring, gammafunk_ghost_smash, portal_sewer_entry_b

Skill      XL: |  1  2  3  4  5  6 |
---------------+-------------------+-----
Axes           | 4 5 6 |  6.4
Fighting       | 4 5 |  5.5
Armour         | 3 4 5 |  5.1
Dodging        | 3 |  3.0
Stealth        | |  0.7

Action                   |  1- 3 |  4- 6 || total
-------------------------+-------+-------++-------
Melee: Hand axe          |    75 |   106 ||   181
       Headbutt          |    15 |    18 ||    33
       Punch             |       |     1 ||     1
Invok: Berserk           |       |     3 ||     3
Armor: Plate armour      |    65 |    42 ||   107
       Animal skin       |     1 |       ||     1
Dodge: Dodged            |    26 |    37 ||    63
